 Dungeon Crawl Stone Soup version 0.24.0-123-gd5b16e6ec5 (webtiles) character file.

Game seed: 6516172352302733910, levelgen mode: deterministic

132 glosham the Chopper (level 4, -10/35 HPs)
             Began as a Mummy Abyssal Knight on Jan 2, 2020.
             Was a Follower of Lugonu.
             Killed from afar by a steam dragon (shapeshifter) (21 damage)
             ... with a ball of steam
             ... on level 2 of the Abyss.
             The game lasted 00:03:42 (54 turns).

glosham the Chopper (Mummy Abyssal Knight)            Turns: 54, Time: 00:03:43

Health: -10/35     AC:  3    Str: 16    XL:     4   Next: 92%
Magic:  5/5        EV: 11    Int: 11    God:    Lugonu [*.....]
Gold:   21         SH:  0    Dex: 11    Spells: 3/3 levels left

rFire    x . .     SeeInvis .   a - +1 hand axe
rCold    + . .     Gourm    .   (no shield)
rNeg     + + +     Faith    .   b - +0 leather armour
rPois    ∞         Spirit   .   (no helmet)
rElec    .         Reflect  .   (no cloak)
rCorr    .         Harm     .   (no gloves)
MR       .....                  (no boots)
Stlth    +.........             (no amulet)
HPRegen  0.11/turn              (no ring)
MPRegen  0.09/turn              (no ring)

@: no status effects
A: no food or potions, fire vulnerability, cold resistance 1, negative energy
resistance 3, torment resistance, unbreathing
a: Depart the Abyss, Renounce Religion


You were on level 2 of the Abyss.
You worshipped Lugonu.
Lugonu was aware of your devotion.
You were not hungry.

You visited 0 branches of the dungeon, and saw 0 of its levels.
You visited the Abyss 1 time.

You collected 21 gold pieces.

Inventory:

Hand Weapons
 a - a +1 hand axe (weapon)
 d - the +7 quarterstaff of Law {pain, *Rage Dex+6, unknown}
   (You found it on level 2 of the Abyss)

   In the hands of one skilled in necromantic magic, it inflicts extra damage on
   living creatures.
   It affects your dexterity (+6).
   It may make you go berserk in combat.
Armour
 b - a +0 leather armour (worn)
Magical Staves
 c - an uncursed staff of summoning {unknown}
Wands
 e - a wand of iceblast (1)


   Skills:
 - Level 3.0 Fighting
 * Level 4.3 Axes
 - Level 1.5 Armour
 - Level 0.7 Dodging
 - Level 1.5 Invocations


You had 3 spell levels left.
You didn't know any spells.
Your spell library was empty.

Dungeon Overview and Level Annotations

Branches:
Dungeon (0/15)

Altars:


Innate Abilities, Weirdness & Mutations

You do not eat or drink.
Your flesh is vulnerable to fire.
You are immune to poison.
Your flesh is cold resistant. (rC+)
You are immune to negative energy. (rN+++)
You are immune to unholy pain and torment.
You can survive without breathing.


Message History

You assume a fearsome visage.
The large abomination is unaffected.
It was a scroll of fear.
The large abomination barely misses you.
You see here 10 gold pieces.
You now have 21 gold pieces (gained 10).
Found a curved runed staff.
Found a ring mail and 11 sling bullets.
Found a ration.
An ogre comes into view.
The ogre changes into a steam dragon!
You see here a curved runed staff.
c - a curved runed staff
Found 14 sling bullets and 38 gold pieces.
A neqoxec comes into view.
The neqoxec shouts!
A white imp comes into view.
Evoke which item? (* to show all) (? for menu, Esc to quit)
Aiming: Iceblast
Press: ? - help, Shift-Dir - straight line The mass of ice explodes!
The iceblast engulfs the large abomination!
The large abomination is moderately damaged.
The iceblast engulfs the steam dragon!
The steam dragon is moderately wounded.
Evoke which item? (* to show all) (? for menu, Esc to quit)
Aiming: Iceblast
Press: ? - help, Shift-Dir - straight line The mass of ice explodes!
The iceblast engulfs the large abomination but does no damage.
The large abomination is moderately damaged.
The iceblast engulfs the steam dragon!
The steam dragon is severely wounded.
The steam dragon breathes steam at you. The ball of steam hits you!
The steam scalds you terribly!
The large abomination is engulfed in a cloud of scalding steam.
Found a ration and a pair of gloves.
The steam dragon breathes steam at you. The ball of steam hits you!!
The steam scalds you terribly!
Ouch! That really hurt!
You die...

.##...#.......# ..#
.......#.....##..#
##
....#...#......#..#
.....#..#.§.....###
........#...(... #
#.. ..#§.§...#..#
..#.5#.##X.....# .#
.......#§§D...###.
.§...%.@#.....####.#
....##.##......# ..
. ... #........ ##..
.(....$.. ...
......### ....
#....... #.##.
.....[. ## #.


You could see a large abomination and a white imp.

Vanquished Creatures
  A neqoxec (Abyss:2)
1 creature vanquished.

Notes
Turn   | Place    | Note
-------+----------+-------------------------------------------
     0 | Abyss:1  | glosham the Mummy Abyssal Knight began the quest for the
                  | Orb.
     0 | Abyss:1  | Reached XP level 1. HP: 18/18 MP: 2/2
    15 | Abyss:2  | Noticed a large abomination
    19 | Abyss:2  | Got an iridescent quarterstaff
    25 | Abyss:2  | Noticed a neqoxec
    31 | Abyss:2  | Killed a neqoxec
    31 | Abyss:2  | Reached skill level 4 in Axes
    31 | Abyss:2  | Reached XP level 2. HP: 24/24 MP: 3/3
    31 | Abyss:2  | Reached XP level 3. HP: 29/29 MP: 4/4
    31 | Abyss:2  | Reached XP level 4. HP: 35/35 MP: 5/5
    43 | Abyss:2  | Noticed an ogre
    43 | Abyss:2  | Noticed a steam dragon
    43 | Abyss:2  | an ogre changed into a steam dragon
    49 | Abyss:2  | Noticed a neqoxec
    54 | Abyss:2  | Killed from afar by a steam dragon (shapeshifter)

Levels and vault maps discovered:
Abyss:2:  evilmike_abyss_exit_7, hangedman_abyss_or_decor_lesser_grid

Skill      XL: |  1 |
---------------+----+-----
Axes           | 4 |  4.3
Fighting       | |  3.0
Armour         | |  1.5
Dodging        | |  0.7
Invocations    | |  1.5

Action                   |  1- 3 |  4- 6 || total
-------------------------+-------+-------++-------
Evoke: Wand              |     4 |     3 ||     7
  Use: Scroll            |       |     1 ||     1
Dodge: Dodged            |     1 |     1 ||     2

Table legend:
 A = Turns spent in this place as a percentage of turns spent in the entire game.
 B = Non-inter-level travel turns spent in this place as a percentage of non-inter-level travel turns spent in the entire game.
 C = Inter-level travel turns spent in this place as a percentage of turns spent in this place.
 D = Turns resting spent in this place as a percentage of non-inter-level travel turns spent in this place.
 E = Turns spent auto-exploring this place as a percentage of non-inter-level travel turns spent in this place.
 F = Non-inter-level travel turns spent in this place divided by the number of levels of this place that you've seen.
                   A       B       C       D       E      F
               +-------+-------+-------+-------+-------+----------------------
         Total | 100.0 | 100.0 |   0.0 |   0.0 |   0.0 |  27.0
         Abyss | 100.0 | 100.0 |   0.0 |   0.0 |   0.0 |  27.0
               +-------+-------+-------+-------+-------+----------------------

Table legend:
 A = Kills in this place as a percentage of kills in entire the game.
 B = Kills by you in this place as a percentage of kills by you in the entire game.
 C = Kills by friends in this place as a percentage of kills by friends in the entire game.
 D = Other kills in this place as a percentage of other kills in the entire game.
 E = Experience gained in this place as a percentage of experience gained in the entire game.
 F = Experience gained in this place divided by the number of levels of this place that you have seen.
                   A       B       C       D       E      F
               +-------+-------+-------+-------+-------+----------------------
         Total | 100.0 | 100.0 |   N/A |   N/A | 100.0 |  94.5
         Abyss | 100.0 | 100.0 |   N/A |   N/A | 100.0 |  94.5
               +-------+-------+-------+-------+-------+----------------------

Levels and vault maps discovered:
Abyss:2:  evilmike_abyss_exit_7, hangedman_abyss_or_decor_lesser_grid
